 Dungeon Crawl Stone Soup version 0.20-b1-2-gc5a9893 (webtiles) character file.

32 KeyserSoze the Sneak (level 3, 0/18 HPs)
             Began as a Spriggan Assassin on May 22, 2017.
             Slain by a hobgoblin
             ... wielding a +0 club
              (5 damage)
             ... on level 1 of the Dungeon.
             The game lasted 00:04:24 (495 turns).

KeyserSoze the Sneak (Spriggan Assassin)             Turns: 495, Time: 00:04:24

Health: 0/18       AC:  3    Str:  7    XL:     3   Next: 8%
Magic:  4/4        EV: 17    Int: 12    God:
Gold:   8          SH:  0    Dex: 18    Spells: 2/2 levels left

rFire    . . .     SeeInvis +   a - +2 dagger
rCold    . . .     Gourm    .   (shield restricted)
rNeg     . . .     Faith    .   c - +0 robe
rPois    .         Spirit   .   (helmet restricted)
rElec    .         Reflect  .   d - +0 cloak
rCorr    .         Harm     .   (gloves unavailable)
MR       .....                  (boots unavailable)
Stlth    ++++......             (no amulet)
Regen    0.1/turn               (no ring)
MPRegen  0.1/turn               (no ring)

@: very quick
A: unfitting armour, see invisible, herbivore 3, speed 3, slow metabolism 2
a: no special abilities


You were on level 1 of the Dungeon.
You were not hungry.

You visited 1 branch of the dungeon, and saw 1 of its levels.

You collected 8 gold pieces.

Inventory:

Hand Weapons
 a - a +2 dagger (weapon)
 b - a +0 blowgun
Missiles
 e - 8 poisoned needles
 f - 2 curare-tipped needles
Armour
 c - a +0 robe (worn)
 d - a +0 cloak (worn)
Scrolls
 h - 2 scrolls of identify {unknown}
 j - a scroll of enchant armour {unknown}
 k - a scroll of enchant weapon {unknown}
 l - a scroll of remove curse {unknown}
Potions
 i - a potion of curing {unknown}
 m - a potion of lignification {unknown}
Comestibles
 g - a bread ration


   Skills:
 - Level 1.5 Fighting
 + Level 2.5 Short Blades
 + Level 2.2 Throwing
 + Level 2.2 Dodging
 + Level 6.8 Stealth


You had 2 spell levels left.
You didn't know any spells.

Dungeon Overview and Level Annotations

Branches:
Dungeon (1/15)

Altars:


Innate Abilities, Weirdness & Mutations

You are very small and have problems with some larger weapons.
You are too small for most types of armour.
You have supernaturally acute eyesight. (SInv)
You are a herbivore.
You cover ground extremely quickly.
You need consume almost no food.


Message History

The jackal is severely wounded.
The hobgoblin misses you. The jackal closely misses you.
You miss the jackal.
The jackal is severely wounded.
The jackal bites you. The hobgoblin completely misses you.
You closely miss the jackal.
The jackal is severely wounded.
The jackal bites you.
* * * LOW HITPOINT WARNING * * *
The hobgoblin closely misses you.
You miss the jackal.
The jackal is severely wounded.
The jackal closely misses you. The jackal barely misses you.
The hobgoblin closely misses you.
You hit the jackal.
You kill the jackal!
You barely miss the hobgoblin.
The hobgoblin is severely wounded.
The hobgoblin hits you with a club.
You die...

.....# #.##..(..##≈≈
#...###.. ##.#.##≈≈P
##h...... #.###≈≈≈.
#.......# #.##≈≈P.8 #.
#....# #.##≈≈...
#.##....# #..8≈....
#.##...%# ##.'.P8.<
########.##†...# ##8≈....
#........##@g..# ##≈≈^..
#...........#### #≈≈P.8
#..............## ##≈≈≈.
#...............g.. ##≈≈P
#.............##### ##≈≈
####..........# ###
#..........#
#..........##############
##........†...........†..


You could see a hobgoblin.

Vanquished Creatures
  2 oozes (D:1)
  A dart slug (D:1)
  A giant cockroach (D:1)
  3 goblins (D:1)
  2 hobgoblins (D:1)
  2 jackals (D:1)
  A ball python (D:1)
  2 bats (D:1)
  2 frilled lizards (D:1)
  2 kobolds (D:1)
  4 rats (D:1)
22 creatures vanquished.

Notes
Turn   | Place    | Note
-------+----------+-------------------------------------------
     0 | D:1      | KeyserSoze the Spriggan Assassin began the quest for the Orb.
     0 | D:1      | Reached XP level 1. HP: 10/10 MP: 2/2
    19 | D:1      | Reached skill level 6 in Stealth
   206 | D:1      | Reached XP level 2. HP: 14/14 MP: 3/3
   435 | D:1      | Reached XP level 3. HP: 16/18 MP: 4/4
   495 | D:1      | Slain by a hobgoblin

Skill      XL: |  1  2 |
---------------+-------+-----
Stealth        | 6 |  6.8
Dodging        | 2 |  2.2
Fighting       | |  1.5
Short Blades   | |  2.5
Throwing       | |  2.2

Action                   || total
-------------------------++-------
Melee: Dagger            ||    86
Throw: Throwing net      ||     1
 Stab: Sleeping          ||     2
Armor: Robe              ||     7
Dodge: Dodged            ||    81
